 Dungeon Crawl Stone Soup version 0.27-a0-972-gd1521fd518 (webtiles) character file.

Game seed: 11863688278756924851

1954 Morbidden the Insei (level 9, -3/67 HPs)
             Began as a Vine Stalker Transmuter on Apr 14, 2021.
             Was a Follower of Okawaru.
             Slain by a fire elemental (9 damage)
             ... summoned by a deep elf pyromancer
             ... on level 7 of the Dungeon.
             The game lasted 00:11:13 (6412 turns).

Morbidden the Insei (Vine Stalker Transmuter)       Turns: 6412, Time: 00:11:14

Health: -3/67      AC: 24    Str: 14    XL:     9   Next: 19%
Magic:  0/17       EV:  2    Int: 15    God:    Okawaru [*.....]
Gold:   409        SH:  0    Dex: 15    Spells: 14/18 levels left

rFire    . . .     SeeInvis .     - Unarmed
rCold    + . .     Faith    .   (no shield)
rNeg     + + +     Spirit   +   (armour currently unavailable)
rPois    +         Reflect  .   (helmet currently unavailable)
rElec    .         Harm     .   (cloak currently unavailable)
rCorr    .         Rampage  .   (gloves currently unavailable)
Will     +....     NoTele   +   (boots currently unavailable)
Stlth    ++........             u - amulet of the acrobat
HPRegen  1.21/turn              x - ring of protection from cold
MPRegen  0.15/turn              (no ring)

@: tree-form
A: stationary, stasis, torment immunity, boosted hp, (fangs 3), regeneration 1,
magic shield, (antimagic bite), no potion heal 2
a: Renounce Religion, Heroism


You were on level 7 of the Dungeon.
You worshipped Okawaru.
Okawaru was aware of your devotion.
You were a tree.
You visited 2 branches of the dungeon, and saw 8 of its levels.

You collected 409 gold pieces.

Inventory:

Missiles
 n - 41 poisoned darts (quivered)
Armour
 a - a +0 robe (melded)
 c - a +0 helmet of see invisible (melded)
Magical Staves
 q - a staff of air
Jewellery
 d - an amulet of regeneration
 u - an amulet of the acrobat (around neck)
 x - a ring of protection from cold (left branch)
Wands
 g - a wand of digging (6)
 s - a wand of charming (8)
 v - a wand of acid (8)
Scrolls
 e - a scroll of enchant weapon
 f - a scroll of blinking
 j - 4 scrolls of identify
 k - 5 scrolls of teleportation
 p - a scroll of summoning
Potions
 b - a potion of degeneration {unknown}
 h - 2 potions of heal wounds {unknown}
 i - 2 potions of might
 l - a potion of brilliance {unknown}
 m - a potion of haste {unknown}
 o - a potion of cancellation {unknown}
 r - 2 potions of curing
 w - a potion of flight {unknown}
 z - a potion of magic {unknown}


   Skills:
 * Level 3.9 Fighting
 + Level 0.6 Throwing
 + Level 3.6 Dodging
 - Level 2.2 Stealth
 + Level 6.8 Unarmed Combat
 * Level 5.1 Spellcasting
 * Level 5.3 Transmutations
 - Level 3.0 Poison Magic


You had 14 spell levels left.
You knew the following spells:

 Your Spells              Type           Power      Damage    Failure   Level
a - Beastly Appendage     Tmut           38%        N/A       1%          1
b - Spider Form           Tmut/Pois      8%         N/A       9%          3

Your spell library contained the following spells:

 Spells                   Type           Power      Damage    Failure   Level
 Wereblood                Tmut           19%        N/A       2%          2
 Animate Skeleton         Necr           6%         N/A       16%         1
 Apportation              Tloc           6%         N/A       16%         1
 Corona                   Hex            3%         N/A       16%         1
 Magic Dart               Conj           12%        1d3       16%         1
 Summon Small Mammal      Summ           12%        N/A       16%         1
 Blink                    Tloc           N/A        N/A       24%         2
 Call Imp                 Summ           3%         N/A       24%         2
 Slow                     Hex            3%         N/A       24%         2
 Mephitic Cloud           Conj/Pois/Air  6%         N/A       32%         3
 Call Canine Familiar     Summ           3%         N/A       43%         3
 Confusing Touch          Hex            3%         N/A       43%         3
 Conjure Flame            Conj/Fire      3%         6-21      43%         3
 Gell's Gravitas          Tloc           1%         N/A       43%         3
 Summon Guardian Golem    Hex/Summ       3%         N/A       43%         3
 Hydra Form               Tmut           9%         N/A       45%         5
 Ice Form                 Ice/Tmut       11%        N/A       47%         4
 Petrify                  Tmut/Erth      11%        N/A       47%         4
 Yara's Violent Unravell  Hex/Tmut       5%         3d4       83%         5
 Summon Ice Beast         Ice/Summ       3%         N/A       85%         4
 Summon Lightning Spire   Summ/Air       3%         N/A       85%         4
 Metabolic Englaciation   Hex/Ice        1%         N/A       99%         5


Dungeon Overview and Level Annotations

Branches:
Dungeon (7/15)             Temple (1/1) D:6

Altars:
Ashenzari
Cheibriados
Dithmenos
Elyvilon
Fedhas
Gozag
Hepliaklqana
Nemelex Xobeh
Okawaru
Qazlal
Ru
Sif Muna
Trog
Uskayaw
Vehumet
Wu Jian
Xom
Yredelemnul
Zin
The Shining One


Innate Abilities, Weirdness & Mutations

You are a tree.
Your roots penetrate the ground, keeping you stationary.
You cannot be teleported.
You are immune to unholy pain and torment.
Your maximum health is greatly increased.
Your equipment is partially melded.
((You have razor-sharp teeth.))
Your natural rate of healing is unusually fast.
When hurt, damage is shared between your health and your magic reserves.
((Your bite disrupts and absorbs the magic of your enemies.))
Potions cannot restore your health.


Message History

The boulder beetle looks as sick as possible!
The boulder beetle is moderately wounded.
Something hits the plant.
Something hits the plant!
The boulder beetle bites you!
* * * LOW HITPOINT WARNING * * *
The fire elemental misses you.
Unknown command.
You have no ailments to cure.
Unknown command.
Unknown command.
Really quaff the potion of lignification?
Uppercase [Y]es or [N]o only, please.
Really quaff the potion of lignification?
Okay, then.
Unknown command.
Really quaff the potion of lignification?
Your transformation has ended.
Your +0 helmet of see invisible unmelds from your body.
Your +0 robe unmelds from your body.
You feel perceptive.
Reactivating autopickup.
You turn into a tree.
Your +0 helmet of see invisible melds into your body.
Your +0 robe melds into your body.
You feel less perceptive.
Your roots penetrate the ground.
Something hits the plant. x3
The boulder beetle bites you but does no damage.
The fire elemental hits you. The fire elemental burns you!
* * * LOW HITPOINT WARNING * * *
You hit the boulder beetle but do no damage.
The boulder beetle is moderately wounded.
The fire elemental hits you. The fire elemental burns you!
* * * LOW HITPOINT WARNING * * *
The boulder beetle leaps!
You cannot move.
You cannot move.
Unknown command.
You smack the fire elemental!
The fire elemental is lightly damaged.
A nearby plant withers and dies.
The fire elemental hits you. The fire elemental burns you!
You die...

......#..# . #
#...###### ##.###.(.#
.##.(#.##..##
.......#####..........#
##'###.#.#.#.#######..#
#)##†.#.#P....#..#
#.#...#.#e###.#..#
#..#.#..'E#!+.#..#
#)#..##☼#B###.#..#
#..#.##.#.E♣○P#..#
#)##.#..#######..#
..................#
############.......#
#########


You could see a boulder beetle (extremely poisoned), a deep elf pyromancer (very
poisoned) and 2 fire elementals.

Vanquished Creatures
  Prince Ribbit (D:6)
  Eustachio (D:6)
  2 water moccasins
  An orc warrior (D:3)
  A sky beast (D:7)
  An ogre (D:5)
  A centaur (D:7)
  A phantom (D:4)
  A bullfrog (D:6)
  3 scorpions
  A howler monkey (D:5)
  3 centaur skeletons
  2 hounds (D:6)
  2 jellies
  A centaur zombie (D:5)
  3 orc priests
  A bullfrog skeleton (D:6)
  An orc wizard (D:6)
  2 iguanas
  A killer bee zombie (D:7)
  A hound zombie (D:5)
  A howler monkey zombie (D:7)
  8 gnolls
  4 adders
  2 white imps
  An ufetubus (D:5)
  An adder skeleton (D:4)
  3 worms
  6 dart slugs
  11 orcs
  8 ball pythons
  6 bats
  5 endoplasms
  2 giant cockroaches
  5 goblins
  5 hobgoblins
  5 kobolds
  3 quokkas
  4 frilled lizards
  4 rats
115 creatures vanquished.

Vanquished Creatures (others)
  An unseen horror (D:7)
  2 plants (D:7)
3 creatures vanquished.

Grand Total: 118 creatures vanquished

Notes
Turn   | Place    | Note
-------+----------+-------------------------------------------
     0 | D:1      | Morbidden the Vine Stalker Transmuter began the quest for
                  | the Orb.
     0 | D:1      | Reached XP level 1. HP: 9/9 MP: 4/4
    57 | D:2      | Found a faded altar of an unknown god.
    81 | D:2      | Reached XP level 2. HP: 8/14 MP: 6/6
   341 | D:2      | Noticed a scorpion
   347 | D:2      | Killed a scorpion
   348 | D:2      | Reached skill level 1 in Fighting
   348 | D:2      | Reached XP level 3. HP: 14/18 MP: 8/8
   348 | D:2      | Gained mutation: Your natural rate of healing is unusually
                  | fast. [Vine Stalker growth]
   348 | D:2      | Reached XP level 4. HP: 17/22 MP: 9/9
   724 | D:3      | Reached XP level 5. HP: 16/26 MP: 1/10
   890 | D:2      | Learned a level 3 spell: Spider Form
   997 | D:1      | Reached skill level 4 in Unarmed Combat
  2301 | D:3      | Noticed an orc warrior
  2305 | D:3      | Reached XP level 6. HP: 30/30 MP: 8/12
  2330 | D:3      | Killed an orc warrior
  2331 | D:3      | Reached skill level 1 in Poison Magic
  2809 | D:4      | Reached skill level 1 in Stealth
  3077 | D:4      | Reached XP level 7. HP: 24/35 MP: 13/13
  3333 | D:4      | Reached skill level 5 in Unarmed Combat
  3545 | D:5      | Entered Level 5 of the Dungeon
  3979 | D:5      | Gained mutation: You have razor-sharp teeth. [Vine Stalker
                  | growth]
  3979 | D:5      | Reached XP level 8. HP: 14/39 MP: 6/15
  4183 | D:5      | Found a sparkling altar of Nemelex Xobeh.
  5240 | D:6      | Found a staircase to the Ecumenical Temple.
  5271 | Temple   | Entered the Ecumenical Temple
  5368 | Temple   | Became a worshipper of Warmaster Okawaru
  5408 | D:6      | Noticed Prince Ribbit
  5441 | D:6      | Killed Prince Ribbit
  5563 | D:6      | Found a glowing golden altar of the Shining One.
  5575 | D:6      | Noticed Eustachio
  5601 | D:6      | Killed Eustachio
  5602 | D:6      | Reached skill level 6 in Unarmed Combat
  5826 | D:6      | Reached * piety under Okawaru
  5827 | D:6      | Reached skill level 5 in Transmutations
  5994 | D:6      | Found an ornate altar of the Wu Jian Council.
  5999 | D:6      | Found a basalt altar of Yredelemnul.
  5999 | D:6      | Found a bloodstained altar of Trog.
  6000 | D:6      | Found a radiant altar of Vehumet.
  6001 | D:6      | Found a shadowy altar of Dithmenos.
  6004 | D:6      | Found an opulent altar of Gozag.
  6232 | D:7      | Reached XP level 9. HP: 45/45 MP: 17/17
  6272 | D:7      | Reached skill level 5 in Spellcasting
  6392 | D:7      | Noticed an unseen horror
  6392 | D:7      | Noticed a deep elf pyromancer
  6392 | D:7      | Noticed a boulder beetle
  6411 | D:7      | Killed an unseen horror
  6412 | D:7      | Slain by a fire elemental

Illustrated notes

Levels and vault maps discovered:
D:1:      evilmike_arrival_hilbert_curve, layout_basic, minmay_octomino_e4
D:2:      layout_rooms, chequers_ecumenical_altar_island
D:3:      layout_basic
D:4:      layout_loops_ring, serial_glass, glass_columns_a, glass_columns_c,
          feat_on_display, minmay_strange_pillars, item_on_display_a,
          due_unseen_surprise, serial_park_tiny_2
D:5:      layout_basic, nemelex_spade_bored_becter, bh_walls_and_bars
D:6:      layout_cave_pods, minitemple, tso_oasis_becter,
          minmay_temple_entry_stoned_glass, uniq_prince_ribbit1, uniq_eustachio
D:7:      layout_loops_ring, minmay_shattered_shrine, uniq_joseph
Temple:   nicolae_temple_x_marks_the_god

Skill      XL: |  1  2  3  4  5  6  7  8  9 |
---------------+----------------------------+-----
Fighting       | 1 2 3 |  3.9
Spellcasting   | 3 4 5 |  5.1
Unarmed Combat | 4 5 6 |  6.8
Transmutations | 3 4 5 |  5.3
Dodging        | 2 3 |  3.6
Poison Magic   | 1 2 3 |  3.0
Stealth        | 1 2 |  2.2
Throwing       | |  0.6

Action                   |  1- 3 |  4- 6 |  7- 9 || total
-------------------------+-------+-------+-------++-------
Melee: Unarmed           |    21 |   215 |   256 ||   492
       Bite              |     4 |    66 |    39 ||   109
       Kick              |     5 |     9 |    16 ||    30
       Headbutt          |     2 |    11 |     4 ||    17
       Punch             |       |     6 |     6 ||    12
Throw: Dart              |       |    12 |     3 ||    15
 Cast: Beastly Appendage |     4 |    10 |     8 ||    22
       Spider Form       |       |     2 |    11 ||    13
Evoke: Wand              |       |       |     6 ||     6
  Use: Scroll            |       |     3 |    13 ||    16
       Potion            |       |       |     3 ||     3
 Stab: Sleeping          |       |     4 |     2 ||     6
       Distracted        |       |       |     1 ||     1
Armor: Robe              |     2 |    24 |    27 ||    53
       Skin              |       |     1 |    25 ||    26
Dodge: Dodged            |    12 |   108 |   235 ||   355

Table legend: (Time is in decaauts)
 A = Elapsed time spent in this place.
 B = Non-inter-level travel time spent in this place.
 C = Inter-level travel time spent in this place.
 D = Time resting spent in this place.
 E = Time spent auto-exploring this place.
 F = Levels seen in this place.
 G = Mean time per level.
                   A        B        C        D        E       F      G
               +--------+--------+--------+--------+--------+-----+--------+
         Total |   6375 |   6042 |    333 |    661 |   4104 |   8 |  796.9 |
       Dungeon |   6273 |   5940 |    333 |    661 |   4029 |   7 |  896.1 |
        Temple |    101 |    101 |      0 |      0 |     75 |   1 |  101.0 |
               +--------+--------+--------+--------+--------+-----+--------+

Top non-repeatable levels by time:
     D:5: 1272 daAuts
     D:6: 1223 daAuts
     D:3: 1208 daAuts
     D:1: 844 daAuts
     D:4: 793 daAuts
     D:2: 684 daAuts
     D:7: 246 daAuts
  Temple: 101 daAuts
